 Dungeon Crawl Stone Soup version 0.19-a0-996-g3cba913 (webtiles) character file.

155 MackTheKnife the Poker (level 5, 0/38 HPs)
             Began as a Merfolk Skald on July 18, 2016.
             Slain by osmosisch's ghost (14 damage)
             ... on level 3 of the Dungeon.
             The game lasted 00:05:06 (2896 turns).

MackTheKnife the Poker (Merfolk Skald)              Turns: 2896, Time: 00:05:06

Health: 0/38       AC:  3    Str: 10 (12) XL:     5   Next: 37%
Magic:  8/8        EV: 11    Int: 10 (11) God:
Gold:   69         SH:  0    Dex: 13 (15) Spells: 1 memorised, 7 levels left

rFire  . . .     SeeInvis .     a - +0 spear
rCold  . . .     Gourm    .     b - +0 leather armour
rNeg   . . .     Faith    .     (no shield)
rPois  .         Spirit   .     (no helmet)
rElec  .         Dismiss  .     (no cloak)
rCorr  .         Reflect  .     (no gloves)
SustAt .         Harm     .     (no boots)
MR     +....                    (no amulet)
Stlth  +.........               (no ring)
                                l - ring of protection from magic {MR+, !d}

@: somewhat resistant to hostile enchantments, very unstealthy
A: change form in water, swift swim
a: no special abilities


You were on level 3 of the Dungeon.
You were not hungry.

You visited 1 branch of the dungeon, and saw 4 of its levels.

You collected 69 gold pieces.

Inventory:

Hand Weapons
 a - a +0 spear (weapon)
Armour
 b - a +0 leather armour (worn)
Jewellery
 l - a ring of protection from magic (left hand) {MR+, !d}
   (You found it on level 2 of the Dungeon)
Scrolls
 f - 3 scrolls of identify {unknown}
 g - 2 scrolls of remove curse {unknown}
 h - a scroll of blinking {unknown}
 k - a scroll of fear {unknown}
 n - a scroll of magic mapping {unknown}
Books
 c - a book of Battle
Comestibles
 d - a bread ration {@e1}
 j - a meat ration {@e2}
 m - a beef jerky


   Skills:
 - Level 2.1 Fighting
 + Level 7.8 Polearms
 - Level 0.6 Armour
 - Level 1.3 Dodging
 - Level 2.0 Spellcasting
 - Level 3.2 Charms


You had 7 spell levels left.
You knew the following spells:

 Your Spells              Type           Power        Failure   Level  Hunger
a - Infusion              Chrm           #...         14%         1    ##.....


Dungeon Overview and Level Annotations

Branches:
Dungeon (4/15)
 Temple: D:4-7

Altars:
Qazlal

Annotations:
D:3 osmosisch's ghost, amateur MiFi


Message History

An orc wizard is nearby!
An orc wizard is nearby!
Attack whom?
Aim: an orc wizard, wielding a dagger and wearing a robe You reach to attack!
You hit the orc wizard.
Unknown command.
You closely miss the orc wizard.
You hit the orc wizard but do no damage.
The orc wizard hits you but does no damage.
Unknown command.
You completely miss the orc wizard. The orc wizard hits you with a dagger.
You take 3 damage, and have 30/33 hp.
You closely miss the orc wizard.
The orc wizard hits you but does no damage.
There is a stone staircase leading down here.
You climb downwards.
There is a stone staircase leading up here.
You closely miss the orc wizard.
The orc wizard points at you and mumbles some strange words.
The magic dart hits you!
You take 2 damage, and have 28/33 hp.
You closely miss the orc wizard. The orc wizard barely misses you.
You barely miss the orc wizard.
The orc wizard hits you but does no damage.
You barely miss the orc wizard. You hit the orc wizard.
The orc wizard closely misses you.
You hit the orc wizard but do no damage.
The orc wizard hits you with a dagger.
You take 2 damage, and have 27/33 hp.
You puncture the orc wizard! The orc wizard barely misses you.
You hit the orc wizard but do no damage.
You hit the orc wizard but do no damage.
The orc wizard hits you with a dagger.
You take 3 damage, and have 24/33 hp.
You hit the orc wizard. The orc wizard casts a spell at you.
The puff of flame hits you!
You take 6 damage, and have 18/33 hp.
You hit the orc wizard.
You kill the orc wizard!
You have reached level 5!
You feel agile.
You feel your strength returning.
You regained 3 hp, and now have 21/38 hp.
MP restored: 8 You start resting.
You are feeling very hungry.
You regained 4 hp, and now have 25/38 hp.
Unknown command.
You start resting.
Unknown command.
Health restored: 38 Unknown command.
A hound zombie comes into view.
The hound zombie moves out of view.
Things that are here:
a dagger; a robe; an orc corpse You butcher the orc corpse.
Things that are here:
a dagger; a robe; 2 chunks of flesh {@w0} You hit the hound zombie.
The hound zombie closely misses you.
You completely miss the hound zombie.
The hound zombie bites you but does no damage.
You hit the hound zombie. The hound zombie barely misses you.
You hit the hound zombie. The hound zombie bites you.
You take 1 damage, and have 37/38 hp.
Unknown command.
You hit the hound zombie. The hound zombie bites you.
You take 1 damage, and have 36/38 hp.
You closely miss the hound zombie.
The hound zombie bites you but does no damage.
You hit the hound zombie.
The hound zombie bites you but does no damage.
You hit the hound zombie. The hound zombie barely misses you.
You hit the hound zombie but do no damage.
The hound zombie bites you.
You take 3 damage, and have 34/38 hp.
You closely miss the hound zombie. You hit the hound zombie.
The hound zombie bites you.
You take 2 damage, and have 32/38 hp.
You hit the hound zombie. The hound zombie closely misses you.
You hit the hound zombie.
You destroy the hound zombie!
No target in view!
Eating one of 2 chunks of flesh {@w0}.
You start eating one of the 2 chunks of flesh {@w0}.
You continue eating. x2
You finish eating.
There is a stone staircase leading up here.
You climb upwards.
Level annotation: osmosisch's ghost, amateur MiFi Osmosisch's ghost hits you.
There is a stone staircase leading down here.
You take 4 damage, and have 29/38 hp.
Osmosisch's ghost hits you!
You take 15 damage, and have 14/38 hp.
MASSIVE DAMAGE!!
Osmosisch's ghost shrieks, "You must not succeed where I failed!"
Osmosisch's ghost hits you!
You die...

#..##..#
#..##...## #
#......... .#
##.##!...##.#
... ........##
#.###.....o...
#<##..##..#
#.........#
#.##@.#.#.
#.##W.#.#
########.>#.#
#.......[##.#
#.######.##.#
###......#
#........#
#.#.####.####
#.#.........#


You could see osmosisch's ghost.

Vanquished Creatures
  Jessica (D:2)
  An orc wizard (D:4)
  A hound zombie (D:4)
  3 adders (D:2)
  A worm (D:2)
  4 dart slugs
  2 giant geckos
  4 giant cockroaches
  7 goblins
  7 hobgoblins
  7 bats
  3 giant newts
  8 kobolds
  3 rats (D:1)
52 creatures vanquished.

Notes
Turn   | Place    | Note
-------+----------+-------------------------------------------
     0 | D:1      | MackTheKnife the Merfolk Skald began the quest for the Orb.
     0 | D:1      | Reached XP level 1. HP: 16/16 MP: 3/3
   393 | D:1      | Reached skill level 4 in Polearms
   393 | D:1      | Reached XP level 2. HP: 22/22 MP: 5/5
  1043 | D:2      | Reached XP level 3. HP: 27/27 MP: 6/6
  1051 | D:2      | Reached skill level 5 in Polearms
  1310 | D:2      | Found a stormy altar of Qazlal.
  1447 | D:2      | Reached skill level 6 in Polearms
  1447 | D:2      | Reached XP level 4. HP: 29/33 MP: 7/7
  1651 | D:2      | Noticed Jessica
  1671 | D:2      | Killed Jessica
  1975 | D:2      | Reached skill level 7 in Polearms
  2361 | D:3      | Noticed osmosisch's ghost (amateur MiFi)
  2735 | D:4      | Reached XP level 5. HP: 21/38 MP: 8/8
  2896 | D:3      | Slain by osmosisch's ghost

Vault maps used:
D:1:      dpeg_arrival_arbitrary_a
D:2:      grunt_decor_arrowhead, grunt_qazlal_clouds, uniq_jessica
D:4:      serial_undead, serial_undead_f, serial_undead_e, serial_undead_e,
          serial_undead_b, serial_undead_c, kennysheep_generic_room_5

Skill      XL: |  1  2  3  4 |
---------------+-------------+-----
Polearms       | 4 6 7 |  7.8
Fighting       | |  2.1
Armour         | |  0.6
Dodging        | |  1.3
Spellcasting   | |  2.0
Charms         | |  3.2

Action                   |  1- 3 |  4- 6 || total
-------------------------+-------+-------++-------
Melee: Spear             |   129 |   128 ||   257
 Cast: Infusion          |     1 |       ||     1
  Use: Potion            |       |     3 ||     3
 Stab: Sleeping          |     1 |     1 ||     2
  Eat: Chunk             |     2 |     4 ||     6
Armor: Leather armour    |    19 |    14 ||    33
Dodge: Dodged            |    59 |    45 ||   104

Vault maps used:
D:1:      dpeg_arrival_arbitrary_a
D:2:      grunt_decor_arrowhead, grunt_qazlal_clouds, uniq_jessica
D:4:      serial_undead, serial_undead_f, serial_undead_e, serial_undead_e,
          serial_undead_b, serial_undead_c, kennysheep_generic_room_5

Table legend:
 A = Turns spent in this place as a percentage of turns spent in the entire game.
 B = Non-inter-level travel turns spent in this place as a percentage of non-inter-level travel turns spent in the entire game.
 C = Inter-level travel turns spent in this place as a percentage of turns spent in this place.
 D = Turns resting spent in this place as a percentage of non-inter-level travel turns spent in this place.
 E = Turns spent auto-exploring this place as a percentage of non-inter-level travel turns spent in this place.
 F = Non-inter-level travel turns spent in this place divided by the number of levels of this place that you've seen.
                   A       B       C       D       E      F
               +-------+-------+-------+-------+-------+----------------------
         Total | 100.0 | 100.0 |   1.0 |   3.1 |   9.1 | 176.2
       Dungeon | 100.0 | 100.0 |   1.0 |   3.1 |   9.1 | 176.2
               +-------+-------+-------+-------+-------+----------------------

Table legend:
 A = Kills in this place as a percentage of kills in entire the game.
 B = Kills by you in this place as a percentage of kills by you in the entire game.
 C = Kills by friends in this place as a percentage of kills by friends in the entire game.
 D = Other kills in this place as a percentage of other kills in the entire game.
 E = Experience gained in this place as a percentage of experience gained in the entire game.
 F = Experience gained in this place divided by the number of levels of this place that you have seen.
                   A       B       C       D       E      F
               +-------+-------+-------+-------+-------+----------------------
         Total | 100.0 | 100.0 |  -nan |  -nan | 100.0 |  55.5
       Dungeon | 100.0 | 100.0 |  -nan |  -nan | 100.0 |  55.5
               +-------+-------+-------+-------+-------+----------------------
